 Dungeon Crawl Stone Soup version 0.28.0 (webtiles) character file.

Game seed: 2440099877715220978

182 Descartes the Grasshopper (level 5, -5/39 HPs)
             Began as a Formicid Warper on Feb 5, 2022.
             Was an Initiate of Ru.
             Slain by an ogre (28 damage)
             ... on level 3 of the Dungeon.
             The game lasted 00:04:24 (3339 turns).

Descartes the Grasshopper (Formicid Warper)         Turns: 3339, Time: 00:04:25

Health: -5/39      AC:  9    Str: 17    XL:     5   Next: 93%
Magic:  8/8        EV:  7    Int: 13    God:    Ru [......]
Gold:   97         SH:  0    Dex: 10    Spells: 8/8 levels left

rFire   . . .      SeeInvis +   d - +0 war axe
rCold   . . .      Faith    .   (no shield)
rNeg    . . .      Spirit   .   f - +0 chain mail
rPois   .          Reflect  .   (helmet unavailable)
rElec   .          Harm     .   (no cloak)
rCorr   .          Rampage  .   (no gloves)
Will    .....                   (no boots)
Stlth   ..........              (no amulet)
HPRegen 0.13/turn               (no ring)
MPRegen 0.11/turn               (no ring)

@: no status effects
A: permanent stasis, dig shafts and tunnels, antennae 3, four strong arms
a: Dig, Shaft Self, Renounce Religion, Sacrifice Health, Sacrifice Purity,
Sacrifice Arcana, Reject Sacrifices


You were on level 3 of the Dungeon.
You worshipped Ru.
Ru was noncommittal.
You visited 1 branch of the dungeon, and saw 3 of its levels.

You collected 97 gold pieces.

Inventory:

Hand Weapons
 a - a +0 hand axe
 d - a +0 war axe (weapon)
Missiles
 c - 5 boomerangs of dispersal (quivered)
 g - 60 stones
 j - 5 javelins
Armour
 b - a +0 leather armour
 e - a +0 ring mail
 f - a +0 chain mail (worn)
Scrolls
 m - 3 scrolls of vulnerability {unknown}
 n - a scroll of noise {unknown}
 p - a scroll of fog {unknown}
Potions
 h - a potion of haste {unknown}
 i - a potion of ambrosia {unknown}
 k - 2 potions of attraction {unknown}
 l - a potion of magic {unknown}
 o - a potion of brilliance {unknown}


   Skills:
 + Level 2.6 Fighting
 - Level 3.0 Axes
 - Level 1.0 Throwing
 + Level 3.5 Armour
 - Level 2.0 Dodging
 - Level 2.1 Spellcasting
 + Level 3.9 Translocations


You had 8 spell levels left.
You didn't know any spells.
Your spell library contained the following spells:

 Spells                   Type           Power      Damage    Failure   Level
 Apportation              Tloc           22%        N/A       58%         1
 Gell's Gravitas          Tloc           11%        N/A       91%         3
 Lesser Beckoning         Tloc           11%        N/A       91%         3
 Teleport Other           Tloc           11%        N/A       91%         3
 Animate Skeleton         Necr           2%         N/A       98%         1
 Sandblast                Erth           2%         2d4       98%         1
 Summon Small Mammal      Summ           4%         N/A       98%         1
 Passwall                 Tmut/Erth      0%         N/A       99%         2
 Stone Arrow              Conj/Erth      2%         3d7       100%        3
 Anguish                  Hex/Necr       0%         N/A       100%        4
 Manifold Assault         Tloc           11%        N/A       100%        5
 Simulacrum               Ice/Necr       0%         N/A       100%        6
 Necromutation            Tmut/Necr      0%         N/A       100%        8
 Blink                    Tloc           Unusable   N/A       N/A         2

Dungeon Overview and Level Annotations

Branches:
Dungeon (3/15)

Altars:
Ru


Innate Abilities, Weirdness & Mutations

You cannot be hasted, slowed, berserked, paralysed or teleported.
You can dig through walls and to a lower floor.
You have a pair of large antennae on your head. (SInv)
Your four strong arms can wield two-handed weapons with a shield.


Message History

No target in view!
No target in view!
No target in view!
No target in view!
No target in view!
No target in view!
No target in view!
You sense a monster nearby.
A rat comes into view.
Found a scroll labelled DAOXIMADAN.
The rat bites you but does no damage.
You hit the rat.
You kill the rat!
No target in view!
No target in view!
No target in view!
No target in view!
No target in view!
No target in view!
No target in view!
No target in view!
No target in view!
No target in view!
No target in view!
p - a scroll labelled DAOXIMADAN
g - 60 stones (gained 17)
You sense a monster nearby.
An orc comes into view. It is wielding a +0 short sword.
An ogre comes into view. It is wielding a +0 giant spiked club.
The ogre shouts!
You hear an angry hiss.
The ogre hits you with a +0 giant spiked club!
You hit the ogre.
The ogre is lightly wounded.
A frilled lizard comes into view.
The ogre barely misses you.
You closely miss the ogre.
The ogre is lightly wounded.
You hit the orc. The orc hits you with a +0 short sword.
The ogre hits you with a +0 giant spiked club!!
Ouch! That really hurt!
You die...

##...........
#.......l.....
#.............
#.............
#.............
#.............
#.
#...o........
#.#.
#.O@.......#
#...
####.####..
#.. #..# ###.
#.##
...####... #.#
####.....#...
#.#
#......#.#...
#########.#
#......>.....
#.........#
#......#.#...
#.........#
#........#...


You could see an ogre, an orc and a frilled lizard.

Vanquished Creatures
  An orc priest (D:2)
  Natasha (thrice) (D:2)
  An orc wizard (D:3)
  An adder (D:2)
  A worm (D:2)
  2 orcs (D:2)
  4 endoplasms
  2 goblins (D:2)
  2 hobgoblins
  7 jackals (D:1)
  2 quokkas
  5 ball pythons
  2 bats (D:3)
  A frilled lizard (D:2)
  4 kobolds (D:1)
  4 rats
42 creatures vanquished.

Notes
Turn   | Place    | Note
-------+----------+-------------------------------------------
     0 | D:1      | Descartes the Formicid Warper began the quest for the Orb.
     0 | D:1      | Reached XP level 1. HP: 16/16 MP: 3/3
   342 | D:1      | Reached XP level 2. HP: 10/22 MP: 5/5
  1425 | D:1      | Reached XP level 3. HP: 26/27 MP: 6/6
  1925 | D:2      | Got Rostitt's Grimoire of Unholy Magic
  2076 | D:2      | Found a faded altar of an unknown god.
  2100 | D:2      | Noticed Natasha
  2110 | D:2      | Killed Natasha
  2111 | D:2      | Reached XP level 4. HP: 17/33 MP: 7/7
  2118 | D:2      | Prayed at the altar of an unknown god.
  2118 | D:2      | Became a worshipper of Ru the Awakened
  2333 | D:2      | Noticed Natasha
  2344 | D:2      | Killed Natasha
  2706 | D:2      | Noticed Natasha
  2718 | D:2      | Killed Natasha
  2719 | D:2      | Reached XP level 5. HP: 10/38 MP: 8/8
  3336 | D:3      | Noticed an ogre
  3339 | D:3      | Slain by an ogre

Illustrated notes

Levels and vault maps discovered:
D:1:      saegor_arrival_simple_d, layout_loops_cross, dk_noncrumbling_3,
          patterned_corridor
D:2:      layout_basic, ebering_ecumenical_altar_abandoned, uniq_natasha
D:3:      layout_rooms, kennysheep_cross_bottleneck

Skill      XL: |  1  2  3  4 |
---------------+-------------+-----
Dodging        | 2 |  2.0
Translocations | 3 |  3.9
Armour         | 2 3 |  3.5
Axes           | 3 |  3.0
Fighting       | |  2.6
Throwing       | |  1.0
Spellcasting   | |  2.1

Action                   |  1- 3 |  4- 6 || total
-------------------------+-------+-------++-------
Melee: Hand axe          |    57 |       ||    57
       War axe           |    33 |    72 ||   105
 Stab: Sleeping          |     1 |       ||     1
Armor: Leather armour    |    16 |       ||    16
       Chain mail        |    14 |    48 ||    62
Dodge: Dodged            |    53 |    28 ||    81
